 Dungeon Crawl Stone Soup version 0.17.1-3-g152610e (webtiles) character file.

91 Goblin1989 the Shooter (level 4, -1/38 HPs)
             Began as a Centaur Hunter on May 2, 2016.
             Slain by a scorpion (5 damage)
             ... on level 3 of the Dungeon.
             The game lasted 00:06:34 (1881 turns).

Goblin1989 the Shooter (Centaur Hunter)             Turns: 1881, Time: 00:06:34

Health: -1/38      AC:  8    Str: 14    XL:     4   Next: 33%
Magic:  4/4        EV:  7    Int: 15    God:
Gold:   82         SH:  0    Dex: 11    Spells: 0 memorised, 3 levels left

rFire  + . .     SeeInvis .     a - +1 shortbow
rCold  + . .     Clarity  .     g - +1 scale mail
rNeg   . . .     SustAt   .     (shield currently unavailable)
rPois  +         Gourm    .     (no helmet)
rElec  +         Spirit   .     f - +0 cloak
rCorr  +         Warding  .     (no gloves)
rMut   .         Stasis   .     (no barding)
MR     .....                    (no amulet)
Stlth  ..........               (no ring)
                                (no ring)

@: brilliant, lethally poisoned (-1 -> -21), resistant, very slightly
contaminated, hasted, very quick, not resistant to hostile enchantments,
extremely unstealthy
A: hooves 3, deformed body, speed 2, tough skin 3
a: no special abilities


You were on level 3 of the Dungeon.
You were not hungry.

You visited 1 branch of the dungeon, and saw 3 of its levels.

You collected 82 gold pieces.

Inventory:

Hand Weapons
 a - a +1 shortbow (weapon)
 b - a +3 quarterstaff of protection
Missiles
 d - 28 arrows (quivered)
Armour
 f - a +0 cloak (worn)
 g - a +1 scale mail (worn)
Jewellery
 m - an uncursed ring of see invisible {unknown}
 p - an uncursed ring of see invisible {unknown}
Scrolls
 j - a scroll of fog {unknown}
 l - 3 scrolls of remove curse
 q - 3 scrolls of magic mapping {unknown}
 r - 5 scrolls of identify {unknown}
Comestibles
 c - a meat ration
 e - 3 bread rations
 h - a beef jerky
 i - 3 royal jellies
 s - a slice of pizza


   Skills:
 - Level 3.2 Fighting
 + Level 2.7 Staves
 - Level 5.3 Bows
 - Level 1.3 Dodging
 - Level 0.5 Stealth


You had 3 spell levels left.
You didn't know any spells.

Dungeon Overview and Level Annotations

Branches:
Dungeon (3/15)

Altars:
The Shining One


Innate Abilities, Weirdness & Mutations

You have hooves in place of feet.
Armour fits poorly on your strangely shaped body.
You cover ground very quickly.
You have extremely tough skin (AC +3).


Message History

You are very lightly contaminated with residual magic.
You take 8 damage, and have 14/38 hp.
MASSIVE DAMAGE!!
Drink which item? (? for menu, Esc to quit)
It was a potion of brilliance.
You feel clever all of a sudden.
You feel sick. The scorpion stings you.
* * * LOW HITPOINT WARNING * * *
The centaur zombie hits you.
* * * LOW HITPOINT WARNING * * *
You take 9 damage, and have 5/38 hp.
MASSIVE DAMAGE!!
Really attack while wielding your +1 shortbow?
Okay, then.
Unknown command.
Aim: a scorpion (lightly wounded)
You shoot an arrow. The arrow hits the scorpion.
* * * LOW HITPOINT WARNING * * *
You feel sick.
The centaur zombie hits you but does no damage.
The scorpion stings you.
You die...

.# ###########. <#
#........... .#
#.########## s# #.#
# .# #####.# # ..
$.##.# # (. . #.##.#
### ..
....######.##.# #..
(.# (..(..s@Z.?.#.#
#.. ...#######..#.#
#.. #..#.#########.
. ..##..#.#.........
....#...#.#<#######.
..........#.# #.
....#....##.# #.
.......##.... ##
##.###.#.##.#


You could see a scorpion and a centaur zombie.

Vanquished Creatures
  5 adders
  An ooze (D:3)
  A giant gecko (D:2)
  An orc (D:3)
  A ball python (D:2)
  3 goblins
  7 hobgoblins
  2 jackals (D:1)
  6 kobolds
  A quokka (D:2)
  4 bats
  4 giant newts
  5 rats
41 creatures vanquished.

Notes
Turn   | Place    | Note
--------------------------------------------------------------
     0 | D:1      | Goblin1989 the Centaur Hunter began the quest for the Orb.
     0 | D:1      | Reached XP level 1. HP: 17/17 MP: 1/1
   188 | D:1      | Reached XP level 2. HP: 16/25 MP: 2/2
   255 | D:1      | Found a glowing golden altar of the Shining One.
  1066 | D:2      | Reached skill level 1 in Staves
  1066 | D:2      | Reached XP level 3. HP: 29/31 MP: 3/3
  1397 | D:3      | Noticed a scorpion
  1688 | D:3      | Reached XP level 4. HP: 36/38 MP: 4/4
  1881 | D:3      | Slain by a scorpion

Action                   |  1- 3 |  4- 6 || total
-------------------------+-------+-------++-------
Melee: Whip              |    33 |       ||    33
       Quarterstaff      |    52 |    16 ||    68
 Fire: Shortbow          |    24 |     7 ||    31
       Hunting sling     |    30 |       ||    30
  Use: Scroll            |     2 |       ||     2
       Potion            |       |     3 ||     3
  Eat: Chunk             |     1 |     1 ||     2
